 Dungeon Crawl Stone Soup version 0.31-a0-210-gccc998df9b (webtiles) character file.

Game seed: 5599058949762422280

13349 qw the Cleaver (level 12, -3/76 HPs)
             Began as a Gargoyle Fighter on June 30, 2023.
             Was an Elder of Okawaru.
             Blown up by an orb spider (42 damage)
             ... with an orb of destruction
             ... on level 2 of the Lair of Beasts.
             The game lasted 00:05:59 (10923 turns).

qw the Cleaver (Gargoyle Fighter)                  Turns: 10923, Time: 00:05:59

Health: -3/76      AC: 30    Str: 29    XL:     12   Next: 5%
Magic:  15/15      EV:  8    Int: 11    God:    Okawaru [****..]
Gold:   413        SH:  0    Dex:  9    Spells: 11/11 levels left

rFire   . . .        u - +2 war axe (protect)
rCold   . . .        (no shield)
rNeg    + . .        m - +0 plate armour
rPois   inf          w - +0 helmet
rElec   +            (no cloak)
rCorr   .            h - +2 pair of gloves
SInv    .            q - +1 pair of boots
Will    +....        k - amulet of faith Stlth
                     l - +6 ring of strength
HPRegen 0.32/turn    i - ring of willpower
MPRegen 0.14/turn

%: faith
@: no status effects
A: sickness immunity, AC +8, negative energy resistance 1, electricity
resistance, torment resistance 1, petrification resistance
a: Renounce Religion, Heroism, Finesse


You were on level 2 of the Lair of Beasts.
You worshipped Okawaru.
Okawaru was greatly pleased with you.
You visited 3 branches of the dungeon, and saw 14 of its levels.
You also visited: Sewer.

You collected 599 gold pieces.
You spent 186 gold pieces at shops.


Innate Abilities, Weirdness & Mutations

You are immune to sickness and miasma.
Your stone body is resilient. (AC +8)
You are immune to poison.
You resist negative energy. (rN+)
You are resistant to electric shocks. (rElec)
You are resistant to unholy torment.
You are immune to petrification.


   Skills:
 + Level 9.0 Fighting
 - Level 12.0 Axes
 - Level 4.4 Throwing
 - Level 9.0 Armour
 - Level 2.7 Dodging
 - Level 6.1 Shields
 + Level 5.0 Invocations


You had 11 spell levels left.
You didn't know any spells.
Your spell library was empty.

Inventory:

Hand Weapons
 u - a +2 war axe of protection (weapon)
 x - a +0 morningstar
Missiles
 p - 12 boomerangs
 s - 2 silver boomerangs (quivered)
Armour
 c - a +0 buckler
 h - a +2 pair of gloves (worn)
 m - a +0 plate armour (worn)
 q - a +1 pair of boots (worn)
 w - a +0 helmet (worn)
 A - a +0 tower shield
Jewellery
 a - a ring of ice
 i - a ring of willpower (right hand)
 k - an amulet of faith (around neck)
 l - a +6 ring of strength (left hand)
 v - a ring of positive energy
 Y - the ring of the Unstoppable Hosts {Wiz rElec rC- Will+ Str+3}
   (You found it on level 9 of the Dungeon)

   [ring of wizardry]

   It improves your spell success rate.
   Str:       It affects your strength (+3).
   rC:        It makes you vulnerable to cold.
   rElec:     It insulates you from electricity.
   Will:      It increases your willpower.
Wands
 z - a wand of digging (5)
Scrolls
 b - 4 scrolls of teleportation
 j - 7 scrolls of identify
 y - a scroll of torment {unknown}
Potions
 d - a potion of might
 e - 2 potions of haste
 f - 4 potions of enlightenment
 g - 3 potions of heal wounds
 n - a potion of cancellation
 o - 2 potions of mutation
 r - a potion of lignification
 t - a potion of attraction

Dungeon Overview and Level Annotations

Branches:
Dungeon (11/15)            Temple (1/1) D:7            Lair (2/5) D:11
 Spider (0/4) Lair:2        Sewer (visited)
  Swamp: Lair:2-3    Shoals: Lair:2-3       Orc: D:9-12

Altars:
Ashenzari
Cheibriados
Dithmenos
Elyvilon
Fedhas
Gozag
Hepliaklqana
Kikubaaqudgha
Makhleb
Nemelex Xobeh
Okawaru
Qazlal
Ru
Sif Muna
Trog
Uskayaw
Vehumet
Wu Jian
Xom
Yredelemnul
Zin
The Shining One

Shops:
D:5 *   D:6 *

Annotations:
D:2 1 runed translucent door, Crazy Yiuf
Lair:2 exclusion: 2 orb spiders


Message History

Enter note:
Enter note:
Enter note: You throw a silver boomerang.
The silver boomerang hits the orb spider.
The orb spider is lightly wounded.
You throw a silver boomerang.
The silver boomerang closely misses the orb spider.
You throw a silver boomerang.
The silver boomerang hits the orb spider!
The orb spider is heavily wounded.
The orb spider weaves a glowing orb of energy.
An orb of destruction comes into view.
10915 ||| UPGRADING to +0 tower shield.
You start removing your armour.
You continue taking off your +0 buckler.
You stop removing your armour.
The orb of destruction hits you!!!
Ouch! That really hurt!
The orb spider spins a strand of pure energy.
Enter note:
Enter note:
Enter note:
Enter note:
Enter note:
Enter note:
10917 ||| UPGRADING to +0 tower shield.
You start removing your armour.
You continue taking off your +0 buckler. x4
The orb spider weaves a glowing orb of energy.
You finish taking off your +0 buckler.
Enter note:
Enter note:
Enter note:
10922 ||| UPGRADING to +0 buckler.
You start putting on your armour.
You continue putting on your +0 buckler.
Keep equipping yourself?
The orb of destruction hits you!!!
Ouch! That really hurt!
You die...

.#.....##. .#......#...
..
........#..#########...
##..##....##.......#...
..PP.###P.#....^....^..
..............^^.^...#
...........#....#..#.
...........#..#.^#.#
##...P...#.#.###@# #
###..##..##.~..0~^#
###..##..###^~~00~.#
P....##...##.~s..~..#
.....###..#..+.>.+.##
#.....##..####...###
#####P##...#######
########.....##
.#.###.#......#


You could see an orb spider.

Vanquished Creatures
  Erica (D:8)
  2 two-headed ogres (D:11)
  A cyclops (D:9)
  A black mamba (Lair:1)
  2 gargoyles
  Joseph (D:9)
  A cane toad (Lair:2)
  A rime drake (Lair:2)
  A kobold demonologist (D:10)
  A komodo dragon (D:10)
  2 hornets (D:9)
  2 water elementals (D:11)
  A vampire (D:11)
  Sigmund (D:2)
  2 wraiths (D:11)
  A wyvern (D:9)
  11 yaks (Lair:1)
  A steam dragon (D:6)
  A basilisk (Lair:2)
  An acid dragon (D:10)
  6 water moccasins
  6 orc warriors
  A sky beast (D:8)
  2 black bears
  3 wolves (Lair:2)
  3 ogres
  6 centaurs
  3 phantoms
  A kobold brigand (D:9)
  3 bullfrogs
  A gnoll sergeant (D:8)
  2 scorpions
  4 wights
  15 killer bees (D:9)
  8 electric eels (D:11)
  2 howler monkeys (D:11)
  10 orc priests
  3 gnoll boudas
  3 hounds
  An iguana (D:6)
  2 jellies
  8 orc wizards
  21 gnolls
  12 adders
  7 river rats
  2 white imps
  3 ufetubi (D:5)
  5 worms
  5 dart slugs
  36 orcs
  7 endoplasms
  4 giant cockroaches
  21 goblins
  7 hobgoblins
  4 quokkas
  14 ball pythons
  7 bats
  9 frilled lizards
  7 kobolds
  2 quokka zombies (D:4)
  20 rats
321 creatures vanquished.

Notes
Turn   | Place    | Note
-------+----------+-------------------------------------------
     0 | D:1      | qw the Gargoyle Fighter began the quest for the Orb.
     0 | D:1      | Reached XP level 1. HP: 14/14 MP: 1/1
     0 | D:1      | 0 ||| qw: Version: 0.3-a-24-ga2abf7b
     0 | D:1      | 0 ||| qw: Game counter: 7102
     0 | D:1      | 0 ||| qw: Melee chars always use a shield: true
     0 | D:1      | 0 ||| qw: God list: Okawaru
     0 | D:1      | 0 ||| qw: Allow faded altars: false
     0 | D:1      | 0 ||| qw: Do Orc after clearing Dungeon:15 true
     0 | D:1      | 0 ||| qw: Do second Lair branch before Depths: true
     0 | D:1      | 0 ||| qw: Lair rune preference: random
     0 | D:1      | 0 ||| qw: Goals: Normal, Zot:1-4, Slime:5, God:TSO, Crypt,
                  | Tomb, Abyss, Pan, Hells, Win
     0 | D:1      | 0 ||| PLANNING D:1-11
    26 | D:1      | Reached skill level 2 in Axes
    85 | D:1      | Reached XP level 2. HP: 19/19 MP: 2/2
   117 | D:1      | 117 ||| Stepping ~*~*~tactically~*~*~ (stealth).
   122 | D:1      | 122 ||| Stepping ~*~*~tactically~*~*~ (stealth).
   247 | D:1      | Reached skill level 3 in Axes
   262 | D:1      | Reached XP level 3. HP: 23/23 MP: 3/3
   275 | D:1      | 275 ||| DROPPING +0 club.
   394 | D:1      | 394 ||| Stepping ~*~*~tactically~*~*~ (stealth).
   460 | D:1      | 460 ||| Stepping ~*~*~tactically~*~*~ (stealth).
   461 | D:1      | 461 ||| Stepping ~*~*~tactically~*~*~ (stealth).
   611 | D:1      | 611 ||| UPGRADING to +2 pair of gloves.
   616 | D:1      | 616 ||| READING 3 scrolls labelled DIHYNLOH KATUO.
   617 | D:1      | 617 ||| DRINKING 2 bubbling blue potions.
   618 | D:1      | 618 ||| DROPPING 2 scrolls of summoning.
   654 | D:2      | 654 ||| Stepping ~*~*~tactically~*~*~ (stealth).
   760 | D:2      | 760 ||| Stepping ~*~*~tactically~*~*~ (hiding).
   770 | D:2      | Reached XP level 4. HP: 27/28 MP: 4/4
   785 | D:2      | 785 ||| Stepping ~*~*~tactically~*~*~ (stealth).
   796 | D:2      | Reached skill level 4 in Axes
   835 | D:2      | 835 ||| Stepping ~*~*~tactically~*~*~ (stealth).
   894 | D:2      | 894 ||| Stepping ~*~*~tactically~*~*~ (hiding).
   898 | D:2      | 898 ||| Stepping ~*~*~tactically~*~*~ (hiding).
   958 | D:2      | 958 ||| Stepping ~*~*~tactically~*~*~ (hiding).
  1177 | D:2      | Noticed Sigmund
  1178 | D:2      | 1178 ||| Stepping ~*~*~tactically~*~*~ (hiding).
  1195 | D:2      | HP: 6/28 [Sigmund/+0 scythe (7)]
  1196 | D:2      | Killed Sigmund
  1197 | D:2      | Reached skill level 5 in Axes
  1197 | D:2      | Reached XP level 5. HP: 8/32 MP: 5/5
  1197 | D:2      | Reached XP level 6. HP: 9/37 MP: 6/6
  1369 | D:2      | 1369 ||| DROPPING +0 whip.
  1375 | D:2      | Found a runed translucent door.
  1376 | D:2      | Noticed Crazy Yiuf
  1884 | D:2      | 1884 ||| READING scroll labelled ZYAKAN MYSOBBUN.
  1885 | D:2      | 1885 ||| READING scroll labelled ADIBIE REBORUU.
  1886 | D:2      | 1886 ||| READING scroll labelled JOCUTO QO WIS.
  1887 | D:2      | 1887 ||| READING scroll labelled XOMI MYLOELYMA.
  2168 | D:3      | 2168 ||| Stepping ~*~*~tactically~*~*~ (stealth).
  2430 | D:3      | 2430 ||| UPGRADING to amulet of faith.
  2435 | D:3      | 2435 ||| READING scroll labelled NUSMOREA MICA.
  2436 | D:3      | 2436 ||| READING scroll labelled DOUSOFE ITER ZUQA.
  2437 | D:3      | 2437 ||| READING scroll labelled OSUVOGGAON.
  2438 | D:3      | 2438 ||| DRINKING 2 blue potions.
  2439 | D:3      | 2439 ||| READING 4 scrolls of identify.
  2439 | D:3      | 2439 ||| IDENTIFYING fizzy ruby potion
  2440 | D:3      | 2440 ||| READING 3 scrolls of identify.
  2440 | D:3      | 2440 ||| IDENTIFYING murky puce potion
  2441 | D:3      | 2441 ||| READING 2 scrolls of identify.
  2441 | D:3      | 2441 ||| IDENTIFYING fizzy yellow potion
  2442 | D:3      | 2442 ||| DROPPING potion of degeneration.
  2460 | D:4      | 2460 ||| PLANNING OSSUARY
  2470 | D:4      | Reached skill level 1 in Dodging
  2480 | D:4      | 2480 ||| FLEEEEING.
  2481 | D:4      | 2481 ||| STAIRDANCE
  2523 | D:4      | Identified the +10 trident of Kisocep {pain, rN+ Str+3}
  2524 | D:4      | Found a broken altar of Ashenzari.
  2540 | D:4      | Reached skill level 6 in Axes
  2540 | D:4      | Reached XP level 7. HP: 19/44 MP: 7/7
  2547 | D:4      | 2547 ||| Stepping ~*~*~tactically~*~*~ (hiding).
  2649 | D:4      | 2649 ||| DROPPING +0 hammer.
  2687 | D:4      | Found an opulent altar of Gozag.
  2688 | D:4      | 2688 ||| Stepping ~*~*~tactically~*~*~ (hiding).
  2691 | D:4      | 2691 ||| Stepping ~*~*~tactically~*~*~ (hiding).
  2984 | D:4      | 2984 ||| READING scroll of enchant weapon.
  2984 | D:4      | 2984 ||| ENCHANTING +1 war axe of protection.
  3061 | D:4      | 3061 ||| Stepping ~*~*~tactically~*~*~ (hiding).
  3062 | D:4      | 3062 ||| Stepping ~*~*~tactically~*~*~ (hiding).
  3063 | D:4      | 3063 ||| Stepping ~*~*~tactically~*~*~ (hiding).
  3065 | D:4      | 3065 ||| Stepping ~*~*~tactically~*~*~ (hiding).
  3098 | D:4      | 3098 ||| RIP OSSUARY
  3168 | D:4      | 3168 ||| PLANNING D:1-11
  3393 | D:4      | 3393 ||| Stepping ~*~*~tactically~*~*~ (stealth).
  3395 | D:4      | 3395 ||| UPGRADING to +6 ring of strength.
  3396 | D:4      | 3396 ||| READING scroll labelled DOUZUL DURROPP.
  3407 | D:4      | Reached skill level 7 in Axes
  3441 | D:4      | Found a shimmering altar of Xom.
  3484 | D:5      | Entered Level 5 of the Dungeon
  3485 | D:5      | 3485 ||| PLANNING SEWER
  3491 | D:5      | 3491 ||| STAIRDANCE
  3528 | D:5      | 3528 ||| Stepping ~*~*~tactically~*~*~ (hiding).
  3591 | D:5      | Reached XP level 8. HP: 49/49 MP: 8/8
  3624 | D:5      | Reached skill level 8 in Axes
  3637 | D:5      | Reached skill level 6 in Fighting
  3643 | D:5      | HP: 11/51 [gnoll/+0 spear[a gnoll bouda] (5)]
  3644 | D:5      | 3644 ||| DRINKING 3 potions of heal wounds.
  3680 | D:5      | HP: 12/51 [gnoll/+0 spear[a gnoll bouda] (3)]
  3681 | D:5      | 3681 ||| DRINKING 2 potions of heal wounds.
  3715 | D:5      | 3715 ||| FLEEEEING.
  3761 | D:5      | 3761 ||| Stepping ~*~*~tactically~*~*~ (stealth).
  3762 | D:5      | 3762 ||| Stepping ~*~*~tactically~*~*~ (stealth).
  3833 | D:5      | Found Vuoc's Assorted Antiques.
  3837 | D:5      | 3837 ||| BUYING fizzy brown potion (24 gold).
  3837 | D:5      | Bought a fizzy brown potion for 24 gold pieces
  3837 | D:5      | 3837 ||| SHOPLISTING potion of haste (270 gold, have 184).
  3837 | D:5      | 3837 ||| BUYING runed mace (162 gold).
  3837 | D:5      | Bought a runed mace for 162 gold pieces
  3837 | D:5      | 3837 ||| SHOPLISTING scroll of enchant weapon (202 gold,
                  | have 22).
  3837 | D:5      | 3837 ||| DROPPING +2 mace of protection.
  3905 | D:5      | 3905 ||| Stepping ~*~*~tactically~*~*~ (stealth).
  3909 | D:5      | 3909 ||| Stepping ~*~*~tactically~*~*~ (stealth).
  3910 | D:5      | 3910 ||| Stepping ~*~*~tactically~*~*~ (stealth).
  3912 | D:5      | Found a glowing drain.
  3913 | D:5      | 3913 ||| Stepping ~*~*~tactically~*~*~ (hiding).
  3922 | D:5      | Reached skill level 9 in Axes
  3956 | D:5      | 3956 ||| READING scroll labelled EGOGAN AQITZ.
  3957 | D:5      | 3957 ||| READING 3 scrolls of identify.
  3957 | D:5      | 3957 ||| IDENTIFYING fizzy brown potion
  3964 | Sewer    | Entered a sewer
  4053 | Sewer    | Reached XP level 9. HP: 55/55 MP: 9/9
  4121 | Sewer    | 4121 ||| Stepping ~*~*~tactically~*~*~ (water).
  4196 | Sewer    | 4196 ||| Stepping ~*~*~tactically~*~*~ (water).
  4324 | Sewer    | 4324 ||| READING scroll labelled XIGHEK UGOGREN.
  4425 | Sewer    | 4425 ||| READING 3 scrolls of identify.
  4425 | Sewer    | 4425 ||| IDENTIFYING fuming puce potion
  4426 | Sewer    | 4426 ||| READING 2 scrolls of identify.
  4426 | Sewer    | 4426 ||| IDENTIFYING bubbling golden potion
  4427 | Sewer    | 4427 ||| DROPPING potion of ambrosia.
  4431 | D:5      | 4431 ||| PLANNING D:1-11
  4770 | D:5      | 4770 ||| UPGRADING to +0 pair of boots.
  4775 | D:5      | 4775 ||| UPGRADING to +0 chain mail.
  4785 | D:5      | 4785 ||| DROPPING +0 scale mail.
  4786 | D:5      | 4786 ||| READING scroll of enchant armour.
  4786 | D:5      | 4786 ||| ENCHANTING +0 pair of boots.
  4787 | D:5      | 4787 ||| DROPPING ring of wizardry.
  4857 | D:6      | Found Zin's Purification Station.
  4858 | D:6      | Found a glowing silver altar of Zin.
  4866 | D:6      | 4866 ||| SHOPLISTING potion of curing (90 gold, have 38).
  4951 | D:6      | Reached skill level 1 in Throwing
  4952 | D:6      | 4952 ||| Stepping ~*~*~tactically~*~*~ (hiding).
  5015 | D:6      | Found a hazy altar of Hepliaklqana.
  5024 | D:6      | 5024 ||| Stepping ~*~*~tactically~*~*~ (stealth).
  5025 | D:6      | 5025 ||| Stepping ~*~*~tactically~*~*~ (stealth).
  5026 | D:6      | 5026 ||| Stepping ~*~*~tactically~*~*~ (stealth).
  5189 | D:6      | Found a snail-covered altar of Cheibriados.
  5246 | D:6      | 5246 ||| READING 3 scrolls labelled IGARGH YSUM.
  5337 | D:7      | Found a radiant altar of Vehumet.
  5459 | D:7      | Found a staircase to the Ecumenical Temple.
  5460 | D:7      | 5460 ||| PLANNING TEMPLE
  5460 | D:7      | 5460 ||| Stepping ~*~*~tactically~*~*~ (hiding).
  5483 | D:7      | 5483 ||| DRINKING 2 murky dark potions.
  5484 | D:7      | 5484 ||| DROPPING potion of brilliance.
  5492 | Temple   | Entered the Ecumenical Temple
  5572 | Temple   | 5572 ||| PLANNING OKAWARU WORSHIP
  5681 | Temple   | Became a worshipper of Warmaster Okawaru
  5682 | Temple   | 5682 ||| PLANNING D:1-11
  5850 | D:7      | 5850 ||| Stepping ~*~*~tactically~*~*~ (hiding).
  5931 | D:7      | 5931 ||| Stepping ~*~*~tactically~*~*~ (hiding).
  5934 | D:7      | 5934 ||| Stepping ~*~*~tactically~*~*~ (hiding).
  6082 | D:7      | 6082 ||| Stepping ~*~*~tactically~*~*~ (hiding).
  6216 | D:7      | Found a burning altar of Makhleb.
  6301 | D:7      | Reached skill level 10 in Axes
  6500 | D:7      | 6500 ||| UPGRADING to +0 plate armour.
  6510 | D:7      | 6510 ||| DROPPING +0 chain mail.
  6593 | D:8      | Reached skill level 6 in Armour
  6603 | D:8      | Reached * piety under Okawaru
  6695 | D:8      | Noticed Erica
  6696 | D:8      | 6696 ||| Stepping ~*~*~tactically~*~*~ (hiding).
  6699 | D:8      | 6699 ||| INVOKING Heroism.
  6702 | D:8      | Killed Erica
  6703 | D:8      | Reached XP level 10. HP: 63/63 MP: 7/10
  6790 | D:8      | 6790 ||| Stepping ~*~*~tactically~*~*~ (stealth).
  6807 | D:8      | Reached ** piety under Okawaru
  6818 | D:8      | Reached skill level 1 in Invocations
  6844 | D:8      | 6844 ||| INVOKING Heroism.
  6897 | D:8      | 6897 ||| Stepping ~*~*~tactically~*~*~ (hiding).
  6900 | D:8      | 6900 ||| Stepping ~*~*~tactically~*~*~ (hiding).
  6901 | D:8      | 6901 ||| Stepping ~*~*~tactically~*~*~ (hiding).
  7088 | D:8      | 7088 ||| Stepping ~*~*~tactically~*~*~ (hiding).
  7366 | D:8      | 7366 ||| READING 3 scrolls of identify.
  7366 | D:8      | 7366 ||| IDENTIFYING emerald potion
  7395 | D:9      | 7395 ||| Stepping ~*~*~tactically~*~*~ (hiding).
  7396 | D:9      | 7396 ||| Stepping ~*~*~tactically~*~*~ (hiding).
  7415 | D:9      | 7415 ||| INVOKING Heroism.
  7545 | D:9      | Reached skill level 3 in Invocations
  7550 | D:9      | 7550 ||| INVOKING Heroism.
  7666 | D:9      | 7666 ||| Stepping ~*~*~tactically~*~*~ (stealth).
  7668 | D:9      | 7668 ||| Stepping ~*~*~tactically~*~*~ (stealth).
  7669 | D:9      | 7669 ||| Stepping ~*~*~tactically~*~*~ (stealth).
  7671 | D:9      | 7671 ||| Stepping ~*~*~tactically~*~*~ (stealth).
  7672 | D:9      | 7672 ||| Stepping ~*~*~tactically~*~*~ (stealth).
  7674 | D:9      | 7674 ||| Stepping ~*~*~tactically~*~*~ (stealth).
  7675 | D:9      | 7675 ||| Stepping ~*~*~tactically~*~*~ (stealth).
  7676 | D:9      | 7676 ||| Stepping ~*~*~tactically~*~*~ (stealth).
  7677 | D:9      | 7677 ||| Stepping ~*~*~tactically~*~*~ (stealth).
  7678 | D:9      | 7678 ||| INVOKING Heroism.
  7795 | D:9      | 7795 ||| Stepping ~*~*~tactically~*~*~ (stealth).
  7847 | D:9      | Identified the ring of the Unstoppable Hosts {Wiz rElec rC-
                  | Will+ Str+3}
  7928 | D:9      | 7928 ||| Stepping ~*~*~tactically~*~*~ (stealth).
  7984 | D:9      | Noticed a cyclops
  7985 | D:9      | 7985 ||| INVOKING Heroism.
  7997 | D:9      | Killed a cyclops
  7997 | D:9      | Reached *** piety under Okawaru
  8025 | D:9      | 8025 ||| Stepping ~*~*~tactically~*~*~ (stealth).
  8026 | D:9      | 8026 ||| INVOKING Heroism.
  8152 | D:9      | Noticed Joseph
  8155 | D:9      | 8155 ||| INVOKING Heroism.
  8167 | D:9      | Killed Joseph
  8552 | D:9      | 8552 ||| UPGRADING to +0 helmet.
  8557 | D:9      | 8557 ||| UPGRADING to ring of positive energy.
  8558 | D:9      | 8558 ||| UPGRADING to ring of the Unstoppable Hosts {Wiz
                  | rElec rC- Will+ Str+3}.
  8582 | D:10     | Entered Level 10 of the Dungeon
  8667 | D:10     | 8667 ||| INVOKING Heroism.
  8672 | D:10     | Reached XP level 11. HP: 68/68 MP: 11/14
  8724 | D:10     | 8724 ||| Stepping ~*~*~tactically~*~*~ (hiding).
  8735 | D:10     | 8735 ||| INVOKING Heroism.
  8810 | D:10     | 8810 ||| DROPPING +0 flail.
  8843 | D:10     | Noticed a wolf spider
  8844 | D:10     | Noticed a cyclops
  8845 | D:10     | Noticed a cyclops
  8846 | D:10     | Noticed a centaur warrior
  8857 | D:10     | 8857 ||| INVOKING Heroism.
  8861 | D:10     | Reached skill level 11 in Axes
  8861 | D:10     | 8861 ||| Stepping ~*~*~tactically~*~*~ (hiding).
  8878 | D:10     | 8878 ||| INVOKING Heroism.
  9105 | D:10     | 9105 ||| INVOKING Heroism.
  9333 | D:10     | Noticed a white ugly thing
  9396 | D:11     | 9396 ||| FLEEEEING.
  9397 | D:11     | 9397 ||| FLEEEEING.
  9398 | D:11     | 9398 ||| FLEEEEING.
  9453 | D:11     | 9453 ||| INVOKING Heroism.
  9530 | D:11     | 9530 ||| INVOKING Heroism.
  9570 | D:11     | 9570 ||| INVOKING Heroism.
  9637 | D:11     | 9637 ||| INVOKING Heroism.
  9703 | D:11     | Noticed a two-headed ogre
  9704 | D:11     | 9704 ||| INVOKING Heroism.
  9709 | D:11     | Noticed a two-headed ogre
  9710 | D:11     | Killed a two-headed ogre
  9716 | D:11     | Killed a two-headed ogre
  9822 | D:11     | 9822 ||| INVOKING Heroism.
  9861 | D:11     | 9861 ||| Stepping ~*~*~tactically~*~*~ (stealth).
  9864 | D:11     | 9864 ||| Stepping ~*~*~tactically~*~*~ (stealth).
  9870 | D:11     | 9870 ||| Stepping ~*~*~tactically~*~*~ (stealth).
  9908 | D:11     | 9908 ||| Stepping ~*~*~tactically~*~*~ (stealth).
  9910 | D:11     | 9910 ||| Stepping ~*~*~tactically~*~*~ (stealth).
  9911 | D:11     | 9911 ||| Stepping ~*~*~tactically~*~*~ (stealth).
  9923 | D:11     | 9923 ||| INVOKING Heroism.
  9929 | D:11     | Reached skill level 9 in Fighting
 10094 | D:11     | 10094 ||| INVOKING Heroism.
 10186 | D:11     | Found a staircase to the Lair.
 10208 | D:11     | 10208 ||| Stepping ~*~*~tactically~*~*~ (stealth).
 10217 | D:11     | 10217 ||| INVOKING Heroism.
 10259 | D:11     | Received a gift from Okawaru
 10460 | D:11     | 10460 ||| PLANNING LAIR
 10460 | D:11     | 10460 ||| UPGRADING to ring of willpower.
 10506 | Lair:1   | Entered Level 1 of the Lair of Beasts
 10507 | Lair:1   | 10507 ||| INVOKING Heroism.
 10535 | Lair:1   | 10535 ||| Stepping ~*~*~tactically~*~*~ (stealth).
 10600 | Lair:1   | Reached skill level 12 in Axes
 10643 | Lair:1   | You fall into a shaft and drop 1 floor!
 10646 | Lair:2   | 10646 ||| Stepping ~*~*~tactically~*~*~ (stealth).
 10651 | Lair:2   | Reached **** piety under Okawaru
 10766 | Lair:2   | 10766 ||| INVOKING Heroism.
 10773 | Lair:2   | Reached skill level 9 in Armour
 10773 | Lair:2   | Reached XP level 12. HP: 54/76 MP: 12/15
 10865 | Lair:2   | Reached skill level 6 in Shields
 10911 | Lair:2   | Found a hole to the Spider Nest.
 10915 | Lair:2   | 10915 ||| UPGRADING to +0 tower shield.
 10917 | Lair:2   | 10917 ||| UPGRADING to +0 tower shield.
 10922 | Lair:2   | 10922 ||| UPGRADING to +0 buckler.
 10923 | Lair:2   | Blown up by an orb spider

Levels and vault maps discovered:
D:1:      minmay_arrival_cross, layout_rooms, chequers_jeans
D:2:      minmay_recursive_quarters, layout_basic,
          chequers_serial_rivers_small_a, uniq_sigmund, uniq_crazy_yiuf_cottage
D:3:      layout_rooms, minmay_ogre_servants
D:4:      layout_rooms, tgw_xom, evilmike_ruin_ashenzari,
          mainiacjoe_overflow_paths, enter_ossuary_4
D:5:      layout_loops_ring, serial_shops, nicolae_shop_back_alley_shop,
          portal_sewer_entry_b
D:6:      layout_cave_pools, zin_purify, slow_altar_2,
          mainiacjoe_overflow_chevrons, st_stairs_1
D:7:      layout_loops_ring, lightli_temple_of_fire,
          mainiacjoe_overflow_brackets, minmay_temple_entry_ruins
D:8:      layout_loops_ring, uniq_erica
D:9:      layout_basic, kennysheep_dice, uniq_joseph
D:10:     layout_loops_ring, onia_ninara_dug_in_and_dangerous
D:11:     erik_rubicon_b, layout_rooms, lair_entry_dummy
Temple:   eino_narrow_crystal_temple
Lair:1:   layout_gridlike, special_room [special_room_bee],
          hangedman_lair_unloving_vines, uniq_maggie
Lair:2:   layout_regular_city, swamp_mist, nicolae_spider_entry_orb_guardian

Skill      XL: |  1  2  3  4  5  6  7  8  9 10 11 12 |
---------------+-------------------------------------+-----
Axes           | 2 3 5 6 7 9 10 12 | 12.0
Fighting       | 4 5 6 7 8 9 |  9.0
Dodging        | 1 2 |  2.7
Shields        | 4 5 6 |  6.1
Throwing       | 4 |  4.4
Armour         | 6 7 9 |  9.0
Invocations    | 4 5 |  5.0

Action                     |  1- 3 |  4- 6 |  7- 9 | 10-12 || total
---------------------------+-------+-------+-------+-------++-------
  Melee: War axe           |   101 |   134 |   378 |   359 ||   972
  Throw: Boomerang         |       |       |    43 |    63 ||   106
 Invoke: Heroism           |       |       |     1 |    23 ||    24
    Use: Scroll            |     1 |    10 |     9 |     1 ||    21
         Potion            |     1 |     1 |     3 |       ||     5
 Armour: Scale mail        |    35 |    64 |   205 |       ||   304
         Chain mail        |       |       |    56 |       ||    56
         Plate armour      |       |       |    21 |   250 ||   271
  Dodge: Dodged            |    43 |    65 |   191 |   144 ||   443
  Block: Buckler           |    17 |    27 |    82 |    88 ||   214

Table legend:
 A = Non-vault XP
 B = Vault XP
 C = Vault XP percentage of total XP
 D = Non-vault monster count
 E = Vault monster count
 F = Vault count percentage of total count
                 A         B        C        D         E       F
            +---------+---------+-------+---------+---------+-------
      Total |   16841 |    2230 |  11.7 |     253 |      68 |  21.2
            +---------+---------+-------+---------+---------+-------
        D:1 |      50 |       0 |   0.0 |      27 |       0 |   0.0
        D:2 |      64 |     236 |  78.7 |      20 |       8 |  28.6
        D:3 |       9 |     129 |  93.5 |       6 |       9 |  60.0
        D:4 |     425 |     133 |  23.8 |      28 |      10 |  26.3
        D:5 |    1216 |      18 |   1.5 |      35 |       5 |  12.5
        D:6 |     397 |     139 |  25.9 |      11 |       4 |  26.7
        D:7 |     994 |       0 |   0.0 |      16 |       0 |   0.0
        D:8 |    1013 |     839 |  45.3 |      21 |       1 |   4.5
        D:9 |    2602 |     620 |  19.2 |      30 |       3 |   9.1
       D:10 |    1749 |       0 |   0.0 |      12 |       0 |   0.0
       D:11 |    3919 |       0 |   0.0 |      26 |       0 |   0.0
     Lair:1 |    2811 |       0 |   0.0 |      13 |       0 |   0.0
     Lair:2 |    1592 |       0 |   0.0 |       8 |       0 |   0.0
      Sewer |       0 |     116 | 100.0 |       0 |      28 | 100.0
            +---------+---------+-------+---------+---------+-------
